 Dungeon Crawl Stone Soup version 0.29.1-2-gbd0b4ee654 (webtiles) character file.

Game seed: 2837199607025038074

2665 safid the Skirmisher (level 9, -10/81 HPs)
             Began as a Minotaur Hunter on Nov 22, 2022.
             Was a Follower of Okawaru.
             Mangled by an eight-headed hydra (14 damage)
             ... on level 8 of the Dungeon.
             The game lasted 00:12:12 (8095 turns).

safid the Skirmisher (Minotaur Hunter)              Turns: 8095, Time: 00:12:13

Health: -10/81     AC:  4    Str: 15    XL:     9   Next: 36%
Magic:  8/8        EV: 12    Int:  6    God:    Okawaru [*.....]
Gold:   306        SH:  4    Dex: 23    Spells: 8/8 levels left

rFire   . . .      SeeInvis .   g - +2 sling (flame)
rCold   . . .      Faith    .   i - +0 buckler of Qofy {rCorr Dex+4}
rNeg    . . .      Spirit   .   c - +0 leather armour
rPois   .          Reflect  .   (helmet restricted)
rElec   .          Harm     .   (no cloak)
rCorr   +          Rampage  .   (no gloves)
Will    .....                   l - +0 pair of boots
Stlth   ++........              e - amulet of regeneration
HPRegen 1.03/turn               (no ring)
MPRegen 0.11/turn               (no ring)

@: no status effects
A: horns 2, retaliatory headbutt
a: Renounce Religion, Heroism


You were on level 8 of the Dungeon.
You worshipped Okawaru.
Okawaru was aware of your devotion.
You visited 2 branches of the dungeon, and saw 9 of its levels.

You collected 446 gold pieces.
You spent 140 gold pieces at shops.

Inventory:

Hand Weapons
 a - a +0 shortbow
 g - a +2 sling of flaming (weapon)
Armour
 c - a +0 leather armour (worn)
 i - the +0 buckler of Qofy (worn) {rCorr Dex+4}
   (You took it off a kobold on level 2 of the Dungeon)

   Dex:       It affects your dexterity (+4).
   rCorr:     It protects you from acid and corrosion.
 l - a +0 pair of boots (worn)
Jewellery
 e - an amulet of regeneration (around neck)
 p - an amulet of the acrobat
Wands
 n - a wand of polymorph (7)
Scrolls
 d - 2 scrolls of enchant weapon
 m - 2 scrolls of blinking
 r - 5 scrolls of magic mapping
 x - a scroll of poison
 y - 5 scrolls of teleportation
Potions
 b - 2 potions of lignification
 f - 3 potions of heal wounds
 h - a potion of berserk rage {unknown}
 j - 4 potions of flight
 k - 3 potions of curing
 o - 2 potions of invisibility
 q - a potion of resistance
 u - a potion of might
 v - 2 potions of haste {unknown}
 z - a potion of cancellation {unknown}


   Skills:
 - Level 8.0 Fighting
 + Level 12.9 Ranged Weapons
 - Level 2.1 Dodging
 - Level 0.7 Stealth


You had 8 spell levels left.
You didn't know any spells.
Your spell library contained the following spells:

 Spells                   Type           Power      Damage    Failure   Level
 Sandblast                Erth           0%         2d4       65%         1
 Passwall                 Tmut/Erth      0%         N/A       78%         2
 Conjure Flame            Conj/Fire      0%         6-21      95%         3
 Gell's Gravitas          Tloc           0%         N/A       95%         3
 Ignite Poison            Fire/Tmut/Pois 0%         N/A       95%         3
 Lesser Beckoning         Tloc           0%         N/A       95%         3
 Stone Arrow              Conj/Erth      0%         3d7       95%         3
 Teleport Other           Tloc           0%         N/A       95%         3
 Sticky Flame             Conj/Fire      0%         2d3       100%        4


Dungeon Overview and Level Annotations

Branches:
Dungeon (8/15)             Temple (1/1) D:5
   Lair: D:8-11

Altars:
Ashenzari
Cheibriados
Dithmenos
Elyvilon
Fedhas
Gozag
Hepliaklqana
Kikubaaqudgha
Makhleb
Nemelex Xobeh
Okawaru
Qazlal
Ru
Sif Muna
Trog
Vehumet
Wu Jian
Xom
Yredelemnul
Zin
The Shining One

Shops:
D:3 !   D:4 !   D:6 !

Annotations:
D:8 Psyche


Innate Abilities, Weirdness & Mutations

You have a pair of horns on your head.
You reflexively headbutt those who attack you in melee.


Message History

The sling bullet burns the eight-headed hydra.
The eight-headed hydra is heavily wounded.
A wyvern comes into view.
You shoot a sling bullet. The wyvern hisses angrily.
The sling bullet hits the eight-headed hydra.
The sling bullet burns the eight-headed hydra.
The eight-headed hydra is heavily wounded.
You shoot a sling bullet.
The sling bullet hits the eight-headed hydra.
The sling bullet burns the eight-headed hydra.
The eight-headed hydra is heavily wounded.
You shoot a sling bullet.
The sling bullet hits the eight-headed hydra!
The sling bullet burns the eight-headed hydra.
The eight-headed hydra is severely wounded.
You shoot a sling bullet.
The sling bullet hits the eight-headed hydra!
The sling bullet burns the eight-headed hydra.
The eight-headed hydra is almost dead.
The eight-headed hydra bites you. The eight-headed hydra bites you!
The eight-headed hydra closely misses you.
The eight-headed hydra bites you! x2
The eight-headed hydra barely misses you.
The eight-headed hydra bites you! x2
* * * LOW HITPOINT WARNING * * *
Unknown command.
Fire: g) +2 sling (flame)
Press: ? - help, Q - select action, (/) - cycle Shift-Dir - straight line, f/p - eight-headed hydra
Aim: an eight-headed hydra (almost dead, 85% to hit)
You shoot a sling bullet.
The sling bullet hits the eight-headed hydra.
The sling bullet burns the eight-headed hydra.
The eight-headed hydra is almost dead.
The eight-headed hydra bites you!
* * * LOW HITPOINT WARNING * * *
The eight-headed hydra misses you. The eight-headed hydra bites you.
* * * LOW HITPOINT WARNING * * *
The eight-headed hydra misses you. The eight-headed hydra bites you!
You die...

#. #. #. # # ##
###### #. ##....##
#. #@####.# #####.
#?!#D# #.#
####...). #..###l#
#.###.)).##.# #
#.####.#...#####.#
##(#..##.### ##.#
.#).##..# #..#
.#'####.# #.##
.#....'.# #.#
#.88.#######)##


You could see an eight-headed hydra and a wyvern.

Vanquished Creatures
  A water moccasin (D:6)
  2 sky beasts
  2 ice beasts
  4 ogres
  2 centaurs
  A phantom (D:5)
  2 kobold brigands (D:5)
  2 necrophages
  11 scorpions
  A howler monkey (D:7)
  A hound (D:7)
  A jelly (D:6)
  2 orc priests
  Jessica (D:3)
  A gnoll bouda (D:8)
  2 iguanas
  6 orc wizards
  6 adders
  5 gnolls (D:8)
  2 shadow imps
  A white imp (D:5)
  An ufetubus (D:4)
  4 dart slugs
  34 orcs
  10 ball pythons
  6 endoplasms
  5 giant cockroaches
  10 goblins
  11 hobgoblins
  5 jackals
  16 kobolds
  7 quokkas
  6 bats
  15 frilled lizards
  20 rats
206 creatures vanquished.

Vanquished Creatures (others)
  9 plants (D:3)
9 creatures vanquished.

Grand Total: 215 creatures vanquished

Notes
Turn   | Place    | Note
-------+----------+-------------------------------------------
     0 | D:1      | safid the Minotaur Hunter began the quest for the Orb.
     0 | D:1      | Reached XP level 1. HP: 18/18 MP: 0/0
   151 | D:1      | Reached XP level 2. HP: 25/25 MP: 1/1
   512 | D:1      | Reached XP level 3. HP: 31/31 MP: 2/2
   549 | D:1      | Reached skill level 5 in Ranged Weapons
  1053 | D:2      | Identified the +0 buckler of Qofy {rCorr Dex+4}
  1057 | D:2      | Reached XP level 4. HP: 33/40 MP: 3/3
  1645 | D:3      | Found Loerr's Distillery.
  1799 | D:3      | Reached XP level 5. HP: 26/47 MP: 4/4
  2066 | D:3      | Reached skill level 6 in Ranged Weapons
  2079 | D:3      | Reached skill level 5 in Fighting
  2128 | D:3      | Noticed Jessica
  2133 | D:3      | Killed Jessica
  2429 | D:4      | Found a glowing golden altar of the Shining One.
  2429 | D:4      | Found an opulent altar of Gozag.
  2626 | D:4      | Found Duxyaphowyus's Distillery.
  2787 | D:4      | Reached XP level 6. HP: 15/57 MP: 5/5
  3099 | D:4      | You fall into a shaft and drop 3 floors!
  3348 | D:6      | Noticed a water moccasin
  3357 | D:6      | Killed a water moccasin
  3358 | D:6      | Reached skill level 7 in Ranged Weapons
  3359 | D:6      | Reached XP level 7. HP: 31/64 MP: 6/6
  3851 | D:6      | Reached skill level 8 in Ranged Weapons
  4281 | D:5      | Entered Level 5 of the Dungeon
  4406 | D:4      | Reached XP level 8. HP: 71/74 MP: 7/7
  4858 | D:5      | Found a staircase to the Ecumenical Temple.
  4903 | D:5      | Reached skill level 9 in Ranged Weapons
  4972 | Temple   | Entered the Ecumenical Temple
  5008 | Temple   | Became a worshipper of Warmaster Okawaru
  5514 | D:5      | Reached skill level 10 in Ranged Weapons
  6008 | D:5      | Reached * piety under Okawaru
  6009 | D:5      | Reached skill level 11 in Ranged Weapons
  6520 | D:6      | Found Mugoeddy's Distillery.
  6530 | D:6      | Bought 2 potions of heal wounds for 100 gold pieces
  6530 | D:6      | Bought a potion of lignification for 30 gold pieces
  6530 | D:6      | Bought a potion of degeneration for 10 gold pieces
  6842 | D:6      | Reached XP level 9. HP: 75/81 MP: 8/8
  7211 | D:7      | Reached skill level 12 in Ranged Weapons
  7786 | D:8      | Noticed Psyche
  8087 | D:8      | Noticed an eight-headed hydra
  8095 | D:8      | HP: 4/81 [eight-headed hydra (5)]
  8095 | D:8      | Mangled by an eight-headed hydra

Illustrated notes

Levels and vault maps discovered:
D:1:      eino_arrival_tree_alley, layout_basic
D:2:      layout_loops_ring, minmay_pentomino_pile
D:3:      minmay_door_path, layout_basic, serial_shops, nicolae_diamond_shop,
          minmay_lizard_king, uniq_jessica
D:4:      layout_gridville, gammafunk_temple_overflow_pools, serial_shops, shop,
          minmay_rat_hole
D:5:      cheibrodos_thug_alley, layout_basic, temple_pool_b
D:6:      layout_layer_cave, serial_shops, nicolae_shop_stone
D:7:      layout_rooms, enter_bailey_4
D:8:      minmay_chambers_of_fours, layout_rooms, uniq_psyche, uniq_joseph
Temple:   hellmonk_temple_of_storms

Skill      XL: |  1  2  3  4  5  6  7  8  9 |
---------------+----------------------------+-----
Fighting       | 3 4 5 6 8 |  8.0
Ranged Weapons | 5 6 7 8 11 12 | 12.9
Dodging        | |  2.1
Stealth        | |  0.7

Action                   |  1- 3 |  4- 6 |  7- 9 || total
-------------------------+-------+-------+-------++-------
 Fire: Shortbow          |    65 |       |       ||    65
       Sling             |    25 |   154 |   360 ||   539
  Use: Scroll            |       |       |    15 ||    15
Armor: Leather armour    |     8 |     7 |    11 ||    26
Dodge: Dodged            |    38 |    25 |    64 ||   127
Block: Buckler           |       |     6 |    21 ||    27
